 Dungeon Crawl Stone Soup version 0.28.0 (webtiles) character file.

Game seed: 15659326108990304166

97 BorgnjorsVileCrotch the Magician (level 5, -2/35 HPs)
             Began as a Djinni Fire Elementalist on Feb 12, 2022.
             Was a Follower of Nemelex Xobeh.
             Slain by an iguana (4 damage)
             ... on level 4 of the Dungeon.
             The game lasted 00:03:33 (541 turns).

BorgnjorsVileCrotch the Magician (DjFE)              Turns: 541, Time: 00:03:33

Health: -2/35      AC:  2    Str:  7    XL:     5   Next: 0%
Gold:   46         EV: 12    Int: 19    God:    Nemelex Xobeh [*.....] SH:  0 Dex: 13

rFire   + + .      SeeInvis .   b - 2 scrolls of blinking {@r4}
rCold   x . .      Faith    .   (no shield)
rNeg    . . .      Spirit   .   a - +0 robe
rPois   ∞          Reflect  .   (no helmet)
rElec   .          Harm     .   (no cloak)
rCorr   .          Rampage  .   (no gloves)
Will    .....                   (boots unavailable)
Stlth   ++........              (no amulet)
HPRegen 0.11/turn               h - ring of wizardry
MPRegen 0.00/turn               (no ring)

@: flying
A: sickness immunity, fire resistance 2, cold vulnerability 1, float, innate
caster, HP casting, extra vitality 1
a: Renounce Religion, Draw Escape, Draw Destruction, Draw Summoning


You were on level 4 of the Dungeon.
You worshipped Nemelex Xobeh.
Nemelex Xobeh was aware of your devotion.
You visited 1 branch of the dungeon, and saw 4 of its levels.

You collected 46 gold pieces.

Inventory:

Missiles
 d - 2 throwing nets {!f}
Armour
 a - a +0 robe (worn)
Jewellery
 h - a ring of wizardry (left hand)
   (You found it on level 2 of the Dungeon)
Scrolls
 b - 2 scrolls of blinking (in hand) {@r4}
 c - 2 scrolls of teleportation {unknown}
 e - a scroll of magic mapping {@r5 !r}
 g - a scroll of fear {!r}
Potions
 f - a potion of flight


   Skills:
 - Level 2.5 Dodging
 - Level 2.0 Stealth
 + Level 3.8 Spellcasting


You couldn't memorise any spells.
You knew the following spells:

 Your Spells              Type           Power      Damage    Failure   Level
a - Scorch                Fire           36%        2d6       1%          2
b - Foxfire               Conj/Fire      72%        2x1d7     1%          1
c - Conjure Flame         Conj/Fire      18%        6-21      3%          3
d - Inner Flame           Hex/Fire       18%        N/A       3%          3
e - Flame Wave            Conj/Fire      18%        2d6       12%         4
f - Beastly Appendage     Tmut           36%        N/A       1%          1
g - Searing Ray           Conj           36%        2d5       1%          2
Your spell library was empty.

Dungeon Overview and Level Annotations

Branches:
Dungeon (4/15)
 Temple: D:4-7

Altars:
Nemelex Xobeh


Innate Abilities, Weirdness & Mutations

You are immune to sickness and miasma.
You are immune to poison.
Your flesh is very heat resistant. (rF++)
You are vulnerable to cold. (rC-)
You float through the air rather than walking.
You learn spells naturally, not from books.
Your magical power is your life essence.
You have superior vitality. (+4 MHP)


Message History

You swing at nothing.
You swing at nothing.
You swing at nothing.
You swing at nothing.
You swing at nothing.
You swing at nothing.
You swing at nothing.
You swing at nothing.
You swing at nothing.
You swing at nothing.
You swing at nothing.
You swing at nothing.
You swing at nothing.
You swing at nothing.
There is an open door here.
Found 10 gold pieces.
Found a long sword.
You now have 46 gold pieces (gained 10).
Found 22 arrows.
A gnoll comes into view. It is wielding a +0 spear of venom.
The gnoll shouts!
You hear a shout!
Casting: Foxfire (safe; 1% risk of failure)
Confirm with . or Enter, or press ? or * to list all spells.
You conjure some foxfire!
A gnoll comes into view. It is wielding a +0 halberd.
The foxfire hits the gnoll.
The gnoll is lightly wounded.
The foxfire hits the gnoll but does no damage.
The gnoll is lightly wounded.
Casting: Foxfire (safe; 1% risk of failure)
Confirm with . or Enter, or press ? or * to list all spells.
You conjure some foxfire!
The gnoll hits you from afar with a +0 spear of venom.
The foxfire hits the gnoll.
The gnoll is heavily wounded.
The foxfire hits the gnoll.
The gnoll is severely wounded.
Casting: Scorch (safe; 1% risk of failure)
Press: ? - help, Q - select action, (/) - cycle Dir - look around, f - activate Flames lash the gnoll.
You kill the gnoll!
You hear a shout!
Casting: Scorch (safe; 1% risk of failure)
Confirm with . or Enter, or press ? or * to list all spells.
You conjure some foxfire!
Casting: Foxfire (safe; 1% risk of failure)
Confirm with . or Enter, or press ? or * to list all spells.
You conjure some foxfire!
* * * LOW HITPOINT WARNING * * *
The foxfire hits the gnoll.
The gnoll is lightly wounded.
The foxfire hits the gnoll.
The gnoll is severely wounded.
Casting: Scorch (safe; 1% risk of failure)
Press: ? - help, Q - select action, (/) - cycle Dir - look around, f - activate Flames lash the gnoll.
You kill the gnoll!
* * * LOW HITPOINT WARNING * * *
A gnoll comes into view. It is wielding a +0 flail.
The foxfire hits the gnoll.
The gnoll is lightly wounded.
Casting: Scorch (safe; 1% risk of failure)
Press: ? - help, Q - select action, (/) - cycle Dir - look around, f - activate Flames lash the gnoll.
The gnoll is severely wounded.
The gnoll's fire resistance burns away.
* * * LOW HITPOINT WARNING * * *
Casting: Scorch (safe; 1% risk of failure)
Press: ? - help, Q - select action, (/) - cycle Dir - look around, f - activate Flames lash the gnoll.
The gnoll is burned terribly!
You kill the gnoll!
* * * LOW HITPOINT WARNING * * *
You have reached level 5!
The power to cast Searing Ray wells up from within.
Spell assigned to 'g'.
Things that are here:
a +0 spear of venom; a gnoll corpse
d - 2 throwing nets {!f}
Things that are here:
a +0 flail; a +0 halberd
Found a hand crossbow.
An iguana comes into view.
The iguana hisses angrily.
Really attack while wielding your 2 scrolls of blinking {@r4}?
Okay, then.
Casting: Scorch (safe; 1% risk of failure)
Press: ? - help, Q - select action, (/) - cycle Dir - look around, f - activate Flames lash the iguana.
The iguana is heavily wounded.
The iguana's fire resistance burns away.
* * * LOW HITPOINT WARNING * * *
The iguana bites you.
* * * LOW HITPOINT WARNING * * *
Casting: Scorch (safe; 1% risk of failure)
Press: ? - help, Q - select action, (/) - cycle Dir - look around, f - activate Flames lash the iguana but do no damage.
* * * LOW HITPOINT WARNING * * *
The iguana bites you.
You die...
Your body glows slightly and disappears.

############
########..@l......#
#...........#.###.#
#.##..##.##.# # #
#..##.##.# #
#..##.##.# #.
#.....##.#
.###.##..#####.#
............##.#
)#.......##.##.#
##+##


You could see an iguana (combustible).

Vanquished Creatures
  A howler monkey (D:4)
  3 gnolls (D:4)
  An adder (D:4)
  A worm (D:2)
  3 endoplasms
  2 goblins (D:1)
  2 hobgoblins (D:1)
  4 ball pythons
  3 bats
  A frilled lizard (D:1)
  A kobold (D:1)
  6 rats
28 creatures vanquished.

Vanquished Creatures (others)
  60 foxfires
60 creatures vanquished.

Grand Total: 88 creatures vanquished

Notes
Turn   | Place    | Note
-------+----------+-------------------------------------------
     0 | D:1      | BorgnjorsVileCrotch the Djinni Fire Elementalist began the
                  | quest for the Orb.
     0 | D:1      | Reached XP level 1. HP: 15/15 MP: 0/0
    14 | D:1      | Reached XP level 2. HP: 16/21 MP: 0/0
    36 | D:1      | Found a faded altar of an unknown god.
    44 | D:1      | Prayed at the altar of an unknown god.
    44 | D:1      | Became a worshipper of Nemelex Xobeh the Trickster
    44 | D:1      | Reached * piety under Nemelex Xobeh
    44 | D:1      | Received a gift from Nemelex Xobeh
   104 | D:1      | Reached skill level 2 in Stealth
   211 | D:2      | Reached XP level 3. HP: 6/25 MP: 0/0
   211 | D:2      | Learned a level 1 spell: Beastly Appendage
   380 | D:4      | Noticed Duvessa
   380 | D:4      | Noticed Dowan
   387 | D:4      | Noticed Duvessa
   387 | D:4      | Duvessa changed into Duvessa the howler monkey
   387 | D:4      | Noticed Dowan
   387 | D:4      | Dowan changed into Dowan the adder
   389 | D:4      | HP: 1/25 [Duvessa the howler monkey (1)]
   390 | D:4      | Killed Dowan the adder
   391 | D:4      | Reached skill level 3 in Spellcasting
   392 | D:4      | Killed Duvessa the howler monkey
   393 | D:4      | Reached XP level 4. HP: 2/31 MP: 0/0
   515 | D:4      | Reached XP level 5. HP: 4/35 MP: 0/0
   515 | D:4      | Learned a level 2 spell: Searing Ray
   541 | D:4      | Slain by an iguana

Illustrated notes

Levels and vault maps discovered:
D:1:      dpeg_arrival_orchard, layout_basic,
          shapermc_ecumenical_altar_totnotflames, minmay_tetromino_i4
D:2:      layout_basic, minmay_misc_feat_hallway
D:3:      minmay_octagon_keep, layout_loops_corners,
          chequers_temple_overflow_statue_of_worship, kennysheep_generic_room_11
D:4:      layout_loops_corners, minmay_temple_entry_statues_fountains,
          uniq_duvessa

Skill      XL: |  1  2  3 |
---------------+----------+-----
Stealth        | 2 |  2.0
Spellcasting   | 3 |  3.8
Dodging        | |  2.5

Action                   |  1- 3 |  4- 6 || total
-------------------------+-------+-------++-------
 Cast: Foxfire           |    31 |     4 ||    35
       Scorch            |     2 |     6 ||     8
Invok: Draw Destruction  |     6 |       ||     6
       Draw Escape       |     2 |       ||     2
  Use: Scroll            |     4 |       ||     4
Armor: Robe              |    10 |       ||    10
Dodge: Dodged            |    29 |       ||    29
